 Dungeon Crawl Stone Soup version 0.30.0-20-g3615ddf2f0 (webtiles) character file.

Game seed: 12964182645574155365

121 qw the Chopper (level 5, -6/32 HPs)
             Began as a Gargoyle Fighter on June 1, 2023.
             Mangled by Edmund
             ... wielding a +1 heavy flail
              (17 damage)
             ... on level 4 of the Dungeon.
             The game lasted 00:01:10 (2474 turns).

qw the Chopper (Gargoyle Fighter)                   Turns: 2474, Time: 00:01:11

Health: -6/32      AC: 10    Str: 22    XL:     5   Next: 5%
Magic:  5/5        EV:  9    Int:  8    God:
Gold:   166        SH:  4    Dex:  9    Spells: 4/4 levels left

rFire   + . .        Y - +1 war axe
rCold   . . .        c - +0 buckler
rNeg    + . .        b - +0 scale mail
rPois   inf          (no helmet)
rElec   +            (no cloak)
rCorr   +            (no gloves)
SInv    .            (no boots)
Will    .....        (no amulet) Stlth
                     e - ring of resist corrosion
HPRegen 0.25/turn    i - ring of protection from fire
MPRegen 0.09/turn

%: no passive effects
@: no status effects
A: sickness immunity, AC +4, negative energy resistance 1, electricity
resistance, torment resistance 1, petrification resistance
a: no special abilities


You were on level 4 of the Dungeon.
You visited 1 branch of the dungeon, and saw 4 of its levels.

You collected 201 gold pieces.
You spent 35 gold pieces at shops.


Innate Abilities, Weirdness & Mutations

You are immune to sickness and miasma.
Your stone body is resilient. (AC +4)
You are immune to poison.
You resist negative energy. (rN+)
You are resistant to electric shocks. (rElec)
You are resistant to unholy torment.
You are immune to petrification.


   Skills:
 - Level 3.2 Fighting
 + Level 4.6 Axes
 - Level 3.2 Armour
 - Level 3.2 Shields


You had 4 spell levels left.
You didn't know any spells.
Your spell library was empty.

Inventory:

Hand Weapons
 h - a +0 whip
 Y - a +1 war axe (weapon)
Armour
 b - a +0 scale mail (worn)
 c - a +0 buckler (worn)
 k - a +1 pair of boots
Jewellery
 e - a ring of resist corrosion (left hand)
 i - a ring of protection from fire (right hand)
Potions
 a - a potion of heal wounds
 d - a potion of might
 f - a potion of magic {unknown}
 g - a potion of curing
 j - a potion of mutation {unknown}
 l - a potion of attraction {unknown}

Dungeon Overview and Level Annotations

Branches:
Dungeon (4/15)
 Temple: D:4-7

Altars:

Shops:
D:1 (

Annotations:
D:3 1 runed translucent door, Crazy Yiuf
D:4 Edmund


Message History

The ball python closely misses you. You block the ball python's attack.
The ball python bites you but does no damage.
The ball python misses you.
You barely miss the ball python. The ball python misses you.
The ball python completely misses you.
You barely miss the ball python. You block the ball python's attack.
The ball python grabs you. The ball python constricts you.
The ball python barely misses you. The ball python constricts you.
You slash the ball python!
You kill the ball python!
l - a fizzy purple potion
Found a stone staircase leading down.
There is a stone staircase leading down here.
A hobgoblin comes into view.
The hobgoblin shouts!
Edmund the Younger comes into view.
He is wielding a +1 heavy flail.
You barely miss the hobgoblin.
Edmund shouts!
Edmund grinds his teeth, and then sighs.
The hobgoblin barely misses you. x2
You hit the hobgoblin.
The hobgoblin is heavily wounded.
You block the hobgoblin's attack.
You hit the hobgoblin.
You kill the hobgoblin!
You hit Edmund.
Edmund is lightly wounded.
Edmund hits you with a +1 heavy flail!
You hit Edmund.
Edmund is moderately wounded.
Edmund hits you but does no damage.
You closely miss Edmund.
Edmund is moderately wounded.
Edmund hits you with a +1 heavy flail!
You barely miss Edmund.
Edmund is moderately wounded.
Edmund hits you with a +1 heavy flail!
Ouch! That really hurt!
You die...

............#......
#...........####### .
..........#.# ..
.##.#...###.# ...
........###.#
#...###.......##.#######
#...#.####..#.........
#.@.# #..##########
##@####..# #>......#
#######.# #.# #.# #.#
#.# #.# #.#


You could see Edmund.

Vanquished Creatures
  A howler monkey (D:3)
  An adder (D:2)
  A white imp (D:3)
  A worm (D:3)
  2 dart slugs
  8 endoplasms
  4 giant cockroaches (D:2)
  5 goblins
  2 hobgoblins
  3 jackals (D:3)
  3 quokkas
  9 ball pythons
  3 bats (D:1)
  5 frilled lizards
  3 kobolds
  8 rats
59 creatures vanquished.

Notes
Turn   | Place    | Note
-------+----------+-------------------------------------------
     0 | D:1      | qw the Gargoyle Fighter began the quest for the Orb.
     0 | D:1      | Reached XP level 1. HP: 14/14 MP: 1/1
     0 | D:1      | 0 ||| qw: Version: 0.2-a-102-gdf20003
     0 | D:1      | 0 ||| qw: Game counter: 751
     0 | D:1      | 0 ||| qw: Always use a shield: true
     0 | D:1      | 0 ||| qw: God list: Okawaru
     0 | D:1      | 0 ||| qw: Allow faded altars: false
     0 | D:1      | 0 ||| qw: Do Orc after D:15 true
     0 | D:1      | 0 ||| qw: Do second Lair branch before Depths: true
     0 | D:1      | 0 ||| qw: Lair rune preference: random
     0 | D:1      | 0 ||| qw: Plans: Normal, Zot:1-4, Slime:5, God:TSO, Crypt,
                  | Tomb, Pan, Hells, Abyss, Win
     0 | D:1      | 0 ||| PLANNING D:1-11
    20 | D:1      | Reached skill level 2 in Axes
    42 | D:1      | Reached XP level 2. HP: 14/19 MP: 2/2
   211 | D:1      | Found Lakholl's Weapon Shoppe.
   228 | D:1      | 228 ||| BUYING +0 whip (35 gold).
   228 | D:1      | Bought a +0 whip for 35 gold pieces
   228 | D:1      | 228 ||| DROPPING +0 club.
   349 | D:1      | Reached skill level 3 in Axes
   363 | D:1      | Reached XP level 3. HP: 23/23 MP: 3/3
   647 | D:1      | 647 ||| UPGRADING to ring of resist corrosion.
   648 | D:1      | 648 ||| READING scroll labelled XAN UFAMUCE.
   649 | D:1      | 649 ||| READING scroll labelled FIARONE EZYE.
   817 | D:2      | Found a faded altar of an unknown god.
   959 | D:2      | 959 ||| Stepping ~*~*~tactically~*~*~ (hiding).
  1491 | D:2      | 1491 ||| UPGRADING to ring of protection from fire.
  1492 | D:2      | 1492 ||| DRINKING 2 inky potions.
  1493 | D:2      | 1493 ||| DRINKING 2 fizzy black potions.
  1733 | D:3      | Found a runed translucent door.
  1734 | D:3      | Noticed Crazy Yiuf
  1756 | D:3      | Reached XP level 4. HP: 28/28 MP: 4/4
  1778 | D:3      | Reached skill level 4 in Axes
  1790 | D:3      | 1790 ||| Stepping ~*~*~tactically~*~*~ (stealth).
  1791 | D:3      | 1791 ||| Stepping ~*~*~tactically~*~*~ (stealth).
  1795 | D:3      | 1795 ||| Stepping ~*~*~tactically~*~*~ (stealth).
  1798 | D:3      | 1798 ||| Stepping ~*~*~tactically~*~*~ (hiding).
  2058 | D:3      | Reached XP level 5. HP: 32/32 MP: 5/5
  2294 | D:3      | 2294 ||| DROPPING amulet of magic regeneration.
  2295 | D:3      | 2295 ||| READING scroll labelled BAPNINULEDGH.
  2321 | D:3      | 2321 ||| READING scroll labelled HODWUKAISI.
  2322 | D:3      | 2322 ||| READING scroll labelled GOZ USOYGG.
  2428 | D:4      | 2428 ||| Stepping ~*~*~tactically~*~*~ (stealth).
  2465 | D:4      | Noticed Edmund
  2474 | D:4      | Mangled by Edmund

Levels and vault maps discovered:
D:1:      lordsloth_arrival_two_stooges, layout_loops_ring, serial_shops, shop
D:2:      layout_loops_ring, hellmonk_ecumenical_altar_zigzags
D:3:      layout_loops_ring, uniq_crazy_yiuf_cottage
D:4:      layout_basic, uniq_edmund, uniq_sigmund, uniq_ijyb, uniq_natasha

Skill      XL: |  1  2  3  4 |
---------------+-------------+-----
Axes           | 2 3 4 |  4.6
Fighting       | |  3.2
Armour         | |  3.2
Shields        | |  3.2

Action                     |  1- 3 |  4- 6 || total
---------------------------+-------+-------++-------
  Melee: War axe           |   141 |    49 ||   190
    Use: Scroll            |     2 |     3 ||     5
         Potion            |     2 |       ||     2
 Armour: Scale mail        |    69 |    22 ||    91
  Dodge: Dodged            |    52 |    18 ||    70
  Block: Buckler           |    30 |    10 ||    40

Table legend:
 A = Non-vault XP
 B = Vault XP
 C = Vault XP percentage of total XP
 D = Non-vault monster count
 E = Vault monster count
 F = Vault count percentage of total count
                 A         B        C        D         E       F
            +---------+---------+-------+---------+---------+-------
      Total |     174 |       0 |   0.0 |      59 |       0 |   0.0
            +---------+---------+-------+---------+---------+-------
        D:1 |      44 |       0 |   0.0 |      27 |       0 |   0.0
        D:2 |      31 |       0 |   0.0 |      11 |       0 |   0.0
        D:3 |      93 |       0 |   0.0 |      17 |       0 |   0.0
        D:4 |       6 |       0 |   0.0 |       4 |       0 |   0.0
            +---------+---------+-------+---------+---------+-------
